Map: 세룰리안 폴 - 래더

Players

GuMiho

  • Race: Terran Terran
  • League: Grandmaster
  • Spawn Location: 1:00

llllllllllll (Trap) - Winner!

  • Race: Protoss Protoss
  • League: Master
  • Spawn Location: 7:00

Event: IEM Season 13 - Katowice Server Qualifiers Asia 1

VOD

Have the link to the VOD?

Description

Time

  • Played on: Jan. 14, 2019, 4:13 a.m.
  • Length: 6:38

All games in this series

Show
View Real Time Build Order
Export as new Build Order

GuMiho Terran 

Build Orders: Gas First Reaper Expand 

Get SALT Encoding   

  12  0:00  SCV  
  13  0:13  SCV  
  14  0:17  Supply Depot  
  14  0:25  SCV  
  14  0:28  Refinery  
  15  0:38  SCV  
  16  0:44  Barracks  
  16  0:51  SCV  
  17  1:03  SCV  
  18  1:15  SCV  
  19  1:31  Reaper, Orbital Command  
  20  1:44  Command Center  
  20  1:55  Factory  
  20  1:58  SCV  
  21  2:05  Refinery  
  21  2:06  Barracks Reactor  
  21  2:10  SCV  
  22  2:16  Supply Depot  
  23  2:22  SCV  
  23  2:38  SCV  
  23  2:39  Factory Tech Lab  
  23  2:43  Starport  
  25  2:44  Marine x2  
  25  2:50  SCV  
  27  2:59  Orbital Command  
  27  3:03  Cyclone  
  30  3:06  SCV  
  30  3:09  Marine  
  30  3:11  Marine  
  33  3:19  SCV  
  34  3:21  Medivac  
  34  3:27  Marine  
  34  3:29  Marine  
  34  3:33  SCV x2  
  37  3:37  Cyclone  
  40  3:45  Marine  
  40  3:47  Marine  
  42  3:49  SCV x2  
  42  3:51  Supply Depot  
  44  3:56  Viking  
  46  4:06  Supply Depot  
  46  4:12  Marine x2  
  46  4:13  SCV x2  
  46  4:15  Siege Tank  
  52  4:21  Supply Depot  
  52  4:25  SCV x2  
  52  4:28  Viking  
  56  4:31  Marine x2  
  56  4:37  SCV, Supply Depot  
  56  4:38  SCV  
  60  4:49  Marine x2  
  60  4:51  Siege Tank  
  60  4:52  SCV x2  
  67  4:59  Supply Depot  
  67  5:07  Marine x2  
  67  5:09  Viking  
  67  5:10  SCV x2  
  73  5:22  SCV x2  
  73  5:25  Marine x2  
  74  5:30  Siege Tank  
  74  5:34  SCV x2  
  79  5:42  Marine x2  
  79  5:46  SCV x2  
  79  5:47  Viking  
  81  6:00  Marine x2  
  83  6:10  SCV x2  
  77  6:18  Marine x2  
  67  6:23  SCV  
  67  6:31  Starport Tech Lab  
Show
View Real Time Build Order
Export as new Build Order

llllllllllll Protoss - Winner!

Build Orders: 1 Gate Expand, Double Forge, Blink Stalkers 

Get SALT Encoding   

  12  0:00  Probe  
  13  0:12  Probe  
  14  0:18  Pylon  
  14  0:24  Probe  
  15  0:32  Probe  
  15  0:36  Gateway  
  15  0:40  Probe  
  16  0:46  Assimilator  
  17  0:51  Probe  
  18  1:03  Probe  
  19  1:15  Probe  
  20  1:24  Nexus  
  20  1:33  Cybernetics Core  
  20  1:37  Probe  
  21  1:44  Assimilator  
  21  1:49  Probe  
  21  1:53  Pylon  
  22  2:01  Probe  
  23  2:02  Adept  
  23  2:10  Warp Gate  
  23  2:13  Probe  
  26  2:20  Adept  
  26  2:23  Twilight Council  
  26  2:25  Probe  
  29  2:33  Probe  
  28  2:37  Probe  
  28  2:41  Probe  
  30  2:47  Blink  
  30  2:49  Probe  
  30  2:51  Stalker  
  34  2:55  Probe  
  35  3:01  Probe  
  36  3:10  Probe  
  37  3:13  Probe  
  38  3:22  Probe  
  38  3:23  Stalker  
  38  3:25  Probe  
  42  3:34  Gateway, Probe  
  42  3:38  Probe  
  42  3:39  Gateway  
  44  3:43  Robotics Facility  
  44  3:48  Pylon  
  44  3:49  Probe  
  44  3:51  Probe  
  46  3:56  Assimilator  
  46  4:06  Probe x2  
  48  4:16  Nexus  
  48  4:18  Pylon  
  48  4:21  Probe x2  
  48  4:23  Observer  
  51  4:35  Stalker  
  51  4:36  Stalker x2  
  57  4:41  Forge  
  57  4:42  Observer  
  58  4:48  Forge, Pylon  
  58  4:50  Probe x2  
  60  5:03  Observer  
  59  5:08  Stalker x2  
  59  5:09  Stalker  
  59  5:10  Probe x2  
  59  5:14  Pylon  
  67  5:17  Immortal  
  71  5:28  Pylon  
  71  5:42  Stalker x3  
  75  5:47  Immortal, Shield Battery  
  75  5:48  Shield Battery  
  79  6:06  Stalker x3  
  79  6:13  Probe x3  
  74  6:25  Probe x3  
  74  6:30  Stalker x3  
  75  6:35  Gateway  
  75  6:36  Gateway  
  75  6:38  Gateway  

Tags
 
Add a new tag
Caveats
  • Supply blocks, unpowered buildings, or Contaminate may cause inaccurate times.
  • Supply counts are checked every 10 seconds.